 Dungeon Crawl Stone Soup version 0.29.1-13-g9f3cf754e1 (webtiles) character file.

Game seed: 17104840644980738244

16176 theswoord the Cruncher (level 12, -3/84 HPs)
             Began as a Demonspawn Gladiator on Jan 24, 2023.
             Was a High Priest of Hepliaklqana.
             Slain by an eight-headed hydra (7 damage)
             ... on level 2 of the Lair of Beasts.
             The game lasted 00:31:02 (13514 turns).

theswoord the Cruncher (Demonspawn Gladiator)      Turns: 13514, Time: 00:31:03

Health: -3/84      AC: 10    Str: 18    XL:     12   Next: 7%
Magic:  0/18       EV: 11    Int: 10    God:    Hepliaklqana [*****.]
Gold:   766        SH:  0    Dex: 22    Spells: 11/11 levels left

rFire   . . .      SeeInvis +   a - +1 quarterstaff (venom)
rCold   . . .      Faith    .   (shield currently unavailable)
rNeg    . . .      Spirit   +   o - +0 scale mail "Gassiuj" {Slay+3}
rPois   .          Reflect  .   c - +1 helmet
rElec   .          Harm     .   (no cloak)
rCorr   .          Rampage  .   (no gloves)
Will    +....                   (no boots)
Stlth   +++.......              G - amulet of guardian spirit
HPRegen 0.24/turn               g - ring of see invisible
MPRegen 0.16/turn               K - ring of willpower

@: no status effects
A: reduced essence, thin skeletal structure 3, powered by pain 2, spiny 1,
demonic touch 2
a: Renounce Religion, Recall Ancestor, Ancestor Identity, Transference, Idealise


You were on level 2 of the Lair of Beasts.
You worshipped Hepliaklqana.
Hepliaklqana was extremely pleased with you.
You visited 2 branches of the dungeon, and saw 12 of its levels.
You also visited: Sewer.

You collected 766 gold pieces.

Inventory:

Hand Weapons
 a - a +1 quarterstaff of venom (weapon)
 I - a +4 lajatang of venom
Missiles
 d - 2 throwing nets (quivered)
 e - a javelin
 D - 4 silver javelins
Armour
 b - a +0 leather armour
 c - a +1 helmet (worn)
 j - a +0 plate armour
 o - the +0 scale mail "Gassiuj" (worn) {Slay+3}
   (You found it on level 2 of the Dungeon)

   Slay:      It affects your accuracy & damage with ranged weapons and melee
   (+3).
 w - a +0 pair of boots
 J - a +0 pair of gloves
Jewellery
 g - a ring of see invisible (left hand)
 m - an amulet of regeneration
 y - an amulet of the acrobat
 G - an amulet of guardian spirit (around neck)
 K - a ring of willpower (right hand)
Wands
 x - a wand of roots (25)
 A - a wand of charming (6)
 C - a wand of digging (10)
 E - a wand of acid (12)
Scrolls
 h - 2 scrolls of magic mapping
 k - a scroll of vulnerability
 l - 3 scrolls of poison
 q - 2 scrolls of amnesia
 r - 2 scrolls of enchant armour
 H - a scroll of teleportation
Potions
 f - 2 potions of haste
 i - 2 potions of invisibility
 n - 5 potions of curing
 p - 2 potions of degeneration
 s - 3 potions of brilliance
 t - 3 potions of cancellation
 u - 4 potions of might {unknown}
 v - 2 potions of mutation
 z - 3 potions of ambrosia {unknown}
 B - a potion of berserk rage {unknown}
 F - a potion of magic {unknown}


   Skills:
 * Level 8.3 Fighting
 - Level 14.0 Staves
 - Level 1.7 Throwing
 * Level 7.3 Armour
 - Level 2.6 Dodging
 + Level 8.3 Invocations


You had 11 spell levels left.
You didn't know any spells.
Your spell library was empty.

Dungeon Overview and Level Annotations

Branches:
Dungeon (10/15)            Temple (0/1) D:5            Lair (2/5) D:10
    Orc (0/2) D:9           Sewer (visited)
  Swamp: Lair:2-3    Shoals: Lair:2-3     Snake: Lair:2-3    Spider: Lair:2-3

Altars:
Hepliaklqana
Kikubaaqudgha
Ru
Xom

Shops:
D:1 (   D:2 =   D:10 !

Annotations:
Lair:2 exclusion: 3 oklob plants


Innate Abilities, Weirdness & Mutations

Your life essence is reduced to manifest your ancestor. (-10% HP)
You have an unnaturally thin skeletal structure. (Dex +6, Stealth+++)
You sometimes gain power by taking damage.
You are partially covered in sharp spines.
Your touch may inflict irresistible damage on your foes.


Message History

The eight-headed hydra bites you!
* * * LOW HITPOINT WARNING * * *
The eight-headed hydra bites you but does no damage. x2
The eight-headed hydra barely misses you. x3
The eight-headed hydra bites you!
* * * LOW HITPOINT WARNING * * *
The eight-headed hydra bites you but does no damage.
The cane toad stings jia.
You bludgeon the eight-headed hydra!!
The eight-headed hydra is heavily wounded.
Jia casts a spell at the eight-headed hydra.
The puff of frost hits the eight-headed hydra!
You catch the helpless eight-headed hydra completely off-guard!
You thump the eight-headed hydra!
The eight-headed hydra is poisoned.
The eight-headed hydra is almost dead.
The cane toad stings jia.
The eight-headed hydra bites you!
* * * LOW HITPOINT WARNING * * *
The eight-headed hydra bites you but does no damage.
The eight-headed hydra misses you. The eight-headed hydra bites you.
* * * LOW HITPOINT WARNING * * *
The eight-headed hydra bites you but does no damage.
The eight-headed hydra barely misses you.
The eight-headed hydra bites you but does no damage.
The eight-headed hydra bites you!
* * * LOW HITPOINT WARNING * * *
You completely miss the eight-headed hydra.
The eight-headed hydra is almost dead.
Jia hits the cane toad with a +0 quarterstaff.
The cane toad stings jia!
The eight-headed hydra is struck by your spines.
The eight-headed hydra bites you.
* * * LOW HITPOINT WARNING * * *
The eight-headed hydra closely misses you.
The eight-headed hydra bites you!
* * * LOW HITPOINT WARNING * * *
The eight-headed hydra barely misses you.
The eight-headed hydra bites you.
* * * LOW HITPOINT WARNING * * *
The eight-headed hydra bites you!
You die...

...........#+.###....##### #....
.........###R###......##.####....
.........###.##.#................
.................................
...........................(.....
...............♣.♣...♣...........
~...........♣♣♣♣♣♣♣.♣♣♣♣♣........
..........♣♣♣~..♣♣♣♣♣≈≈≈♣###.#P..
~........♣♣§~§RD@§§♣≈~≈≈♣######..
~......#.♣§§§F§♣§§§♣≈~~~♣.....#..
........♣♣.§§§~♣♣♣§♣~≈~~♣....##..
.......♣♣.§♣§≈≈ ♣..≈~~~♣....'...
..#....♣♣§ ♣≈≈≈ ♣...~≈~♣....##..
..#.....♣ .§§. ♣♣..~~......##..
.......#♣♣...§§ ♣♣.♣~.......#..
.......#.♣..♣§§ ♣♣♣♣♣.♣........
#......<.♣♣♣♣♣♣♣ ♣.♣#♣♣♣♣..###..


You could see the friendly jia the battlemage, an eight-headed hydra (very
poisoned) and a cane toad (ally target).

Vanquished Creatures
  A two-headed ogre (D:9)
  4 elephants (Lair:2)
  A cane toad (Lair:2)
  A black mamba (Lair:2)
  A komodo dragon (Lair:2)
  A tyrant leech (Lair:2)
  A hornet (D:8)
  4 blink frogs (Lair:1)
  A shadow (D:9)
  4 yaks
  A wyvern (Lair:2)
  Eustachio (D:5)
  A basilisk (Lair:2)
  A steam dragon (D:7)
  A swamp worm (Lair:2)
  3 water moccasins
  Pargi (Sewer)
  A sky beast (D:6)
  2 centaurs
  A kobold brigand (D:8)
  5 bullfrogs
  2 necrophages
  A scorpion (D:7)
  A gnoll sergeant (D:10)
  12 killer bees
  2 howler monkeys
  2 crimson imps (D:7)
  2 jellies
  8 orc priests
  2 iguanas
  6 orc wizards
  7 gnolls
  2 adders
  A shadow imp (D:5)
  A white imp (D:6)
  5 worms
  A dart slug (D:1)
  24 orcs
  7 ball pythons
  10 endoplasms
  5 giant cockroaches
  3 goblins
  6 hobgoblins
  2 quokkas
  10 bats
  5 frilled lizards
  16 kobolds
  3 rats
  A rat zombie (D:3)
184 creatures vanquished.

Vanquished Creatures (collateral kills)
  A hydra (Lair:2)
  The ghost of HumanPerson the Blocker, a journeyman FoFi of Xom (Lair:1)
  3 cane toads
  A torpor snail (Lair:2)
  A kobold demonologist (D:10)
  2 komodo dragons
  A blink frog (Lair:1)
  Sigmund (D:6)
  A wyvern (D:9)
  A vampire (D:9)
  2 basilisks (Lair:1)
  7 yaks
  3 vampire mosquitoes (D:10)
  Menkaure (D:4)
  A swamp worm (Lair:2)
  An acid dragon (D:10)
  2 water moccasins (Lair:2)
  2 orc warriors (D:9)
  An ice beast (D:6)
  2 centaurs (D:8)
  2 phantoms
  2 kobold brigands
  A bullfrog (D:8)
  A necrophage (D:5)
  A scorpion (D:6)
  15 killer bees
  An electric eel (Lair:2)
  A crimson imp (D:7)
  A hound (D:5)
  3 orc priests
  3 gnoll boudas
  3 iguanas
  2 orc wizards
  13 gnolls
  3 adders (D:6)
  A shadow imp (D:6)
  2 worms
  16 orcs
  A goblin (D:4)
  A ball python (D:4)
  A bat (Sewer)
  9 kobolds
118 creatures vanquished.

Vanquished Creatures (others)
  4 battlemagi
  A kobold (D:10)
  25 fungi
  22 plants
52 creatures vanquished.

Grand Total: 354 creatures vanquished

Notes
Turn   | Place    | Note
-------+----------+-------------------------------------------
     0 | D:1      | theswoord the Demonspawn Gladiator began the quest for the
                  | Orb.
     0 | D:1      | Reached XP level 1. HP: 16/16 MP: 1/1
   102 | D:1      | Reached skill level 3 in Staves
   126 | D:1      | Gained mutation: You sometimes gain a little power by
                  | taking damage. [demonic ancestry]
   126 | D:1      | Reached XP level 2. HP: 22/22 MP: 2/2
   469 | D:1      | Found a faded altar of an unknown god.
   661 | D:1      | Found Ozecente's Weapon Emporium.
   872 | D:1      | You fall into a shaft and drop 1 floor!
   892 | D:2      | Identified the +0 scale mail "Gassiuj" {Slay+3}
   925 | D:2      | Gained mutation: You sometimes gain power by taking damage.
                  | [demonic ancestry]
   925 | D:2      | Reached XP level 3. HP: 27/27 MP: 3/3
   995 | D:2      | Reached skill level 4 in Staves
  1129 | D:2      | Found a hazy altar of Hepliaklqana.
  1138 | D:2      | Became a worshipper of Hepliaklqana the Forgotten
  1733 | D:2      | Found Geff's Jewellery Boutique.
  1924 | D:3      | Gained mutation: Your touch may inflict minor irresistible
                  | damage on your foes. [demonic ancestry]
  1924 | D:3      | Reached XP level 4. HP: 22/33 MP: 4/4
  2039 | D:3      | Reached skill level 5 in Staves
  2311 | D:3      | Found an ancient bone altar of Kikubaaqudgha.
  2618 | D:3      | Gained mutation: You have a somewhat thin skeletal
                  | structure. (Dex +2, Stealth+) [demonic ancestry]
  2618 | D:3      | Reached XP level 5. HP: 24/38 MP: 5/5
  2706 | D:4      | Reached * piety under Hepliaklqana
  3037 | D:4      | Found a glowing drain.
  3039 | D:4      | Noticed Menkaure
  3053 | D:4      | Killed Menkaure
  3054 | D:4      | Reached skill level 6 in Staves
  3054 | D:4      | Reached XP level 6. HP: 18/39 MP: 6/6
  3060 | Sewer    | Entered a sewer
  3118 | Sewer    | Noticed Pargi
  3126 | Sewer    | Killed Pargi
  3529 | D:5      | Entered Level 5 of the Dungeon
  3529 | D:5      | Reached ** piety under Hepliaklqana
  3530 | D:5      | Remembered your ancestor jia as a battlemage
  3547 | D:5      | Reached skill level 7 in Staves
  3573 | D:5      | Found a staircase to the Ecumenical Temple.
  3636 | D:5      | Gained mutation: You have a moderately thin skeletal
                  | structure. (Dex +4, Stealth++) [demonic ancestry]
  3636 | D:5      | Reached XP level 7. HP: 45/45 MP: 7/7
  3655 | D:5      | Found a sacrificial altar of Ru.
  3934 | D:5      | Noticed Eustachio
  3955 | D:5      | Killed Eustachio
  3956 | D:5      | Reached skill level 8 in Staves
  4461 | D:6      | Reached skill level 9 in Staves
  4461 | D:6      | Reached XP level 8. HP: 25/50 MP: 8/8
  4632 | D:6      | Noticed Sigmund
  4637 | D:6      | Killed Sigmund
  4644 | D:6      | Reached skill level 10 in Staves
  4961 | D:6      | Reached *** piety under Hepliaklqana
  4970 | D:6      | Reached skill level 11 in Staves
  5073 | D:7      | Gained mutation: Your touch may inflict irresistible damage
                  | on your foes. [demonic ancestry]
  5073 | D:7      | Reached XP level 9. HP: 54/54 MP: 9/9
  5327 | D:7      | Found a shimmering altar of Xom.
  5925 | D:8      | Reached skill level 12 in Staves
  6285 | D:7      | Reached skill level 13 in Staves
  6333 | D:8      | Reached **** piety under Hepliaklqana
  6808 | D:9      | Found a staircase to the Orcish Mines.
  6839 | D:9      | Identified the +2 robe "Zipsehe" {Str+3}
  7068 | D:9      | Gained mutation: You have an unnaturally thin skeletal
                  | structure. (Dex +6, Stealth+++) [demonic ancestry]
  7068 | D:9      | Reached XP level 10. HP: 60/60 MP: 10/10
  7118 | D:9      | HP: 2/60 [orc warrior/+0 glaive (12)]
  7671 | D:9      | Reached skill level 1 in Invocations
  7699 | D:9      | Noticed a two-headed ogre
  7713 | D:9      | Killed a two-headed ogre
  7714 | D:9      | Reached skill level 1 in Armour
  8296 | D:9      | Reached skill level 14 in Staves
  8486 | D:10     | Entered Level 10 of the Dungeon
  8603 | D:10     | Identified the +2 leather armour "Zayt" {-Cast Rampage
                  | rF++}
  8623 | D:10     | Found Cush's Distillery.
  8747 | D:10     | Found a staircase to the Lair.
  9026 | D:10     | Reached skill level 5 in Invocations
  9296 | D:10     | Reached ***** piety under Hepliaklqana
  9852 | Lair:1   | Entered Level 1 of the Lair of Beasts
  9896 | Lair:1   | Noticed a cane toad
  9905 | Lair:1   | Killed a cane toad
  9906 | Lair:1   | Reached XP level 11. HP: 24/70 MP: 6/15
 10265 | Lair:1   | Reached skill level 5 in Fighting
 10270 | Lair:1   | Found a runed translucent door.
 10334 | Lair:1   | Noticed HumanPerson's ghost (journeyman FoFi)
 10684 | Lair:1   | Reached skill level 5 in Armour
 11104 | Lair:1   | Killed HumanPerson's ghost
 12001 | Lair:2   | Noticed an oklob plant
 12002 | Lair:2   | Noticed an oklob plant
 12002 | Lair:2   | Noticed an oklob plant
 12011 | Lair:2   | Identified a scroll of acquirement
 12011 | Lair:2   | Acquired a +3 lajatang of venom
 12859 | Lair:2   | Noticed a five-headed hydra
 12872 | Lair:2   | Killed a five-headed hydra
 12873 | Lair:2   | Gained mutation: You are partially covered in sharp spines.
                  | [demonic ancestry]
 12873 | Lair:2   | Reached XP level 12. HP: 48/82 MP: 13/18
 13506 | Lair:2   | Noticed an eight-headed hydra
 13514 | Lair:2   | HP: 4/84 [eight-headed hydra (1)]
 13514 | Lair:2   | Slain by an eight-headed hydra

Skill      XL: |  1  2  3  4  5  6  7  8  9 10 11 |
---------------+----------------------------------+-----
Staves         | 3 4 5 6 7 9 11 13 14 | 14.0
Invocations    | 5 8 |  8.3
Armour         | 3 7 |  7.3
Fighting       | 4 8 |  8.3
Throwing       | |  1.7
Dodging        | |  2.6

Action                   |  1- 3 |  4- 6 |  7- 9 | 10-12 || total
-------------------------+-------+-------+-------+-------++-------
Melee: Quarterstaff      |   114 |   109 |   247 |   195 ||   665
       Lajatang          |       |       |       |    57 ||    57
Throw: Throwing net      |       |       |     3 |     5 ||     8
Invok: Ancestor Identity |       |     1 |       |       ||     1
       Ancestor Life: Ba |       |     1 |       |       ||     1
       Recall Ancestor   |       |       |       |     1 ||     1
       Idealise          |       |       |       |     1 ||     1
Evoke: Wand              |       |       |       |     2 ||     2
  Use: Scroll            |     7 |     7 |     3 |     5 ||    22
       Potion            |       |       |     4 |     4 ||     8
 Stab: Sleeping          |     1 |       |     3 |     6 ||    10
       Distracted        |       |       |     3 |     7 ||    10
       Held in net/web   |       |       |       |     1 ||     1
Armor: Leather armour    |    12 |       |       |       ||    12
       Plate armour      |    23 |       |       |       ||    23
       Scale mail        |    12 |    57 |    89 |    66 ||   224
Dodge: Dodged            |    72 |    40 |   145 |   128 ||   385

Levels and vault maps discovered:
D:1:      shiori_arrival_maze, layout_loops_ring,
          ebering_ecumenical_altar_sacrificial, serial_shops,
          nicolae_shop_bloodbath_and_beyond, hangedman_feature_mirror
D:2:      layout_rooms, basic_altar, serial_shops, nicolae_lakefront_shop
D:3:      layout_loops_ring, lemuel_zombie_altar_kikubaaqudgha
D:4:      layout_basic, cheibrodos_sewer_entry_sluice, uniq_menkaure
D:5:      layout_gridville, nicolae_ru_the_path_less_chosen,
          minmay_temple_entry_large_hall, uniq_eustachio
D:6:      layout_loops_ring, uniq_sigmund
D:7:      layout_loops_corners, led_xom_imps, chequers_serial_rivers_micro_e,
          hangedman_decor_diamond_cutter, dreamdust_mushroom_princess,
          minmay_a_box_with_orc_wizards_in_it
D:8:      layout_gridville
D:9:      layout_loops_ring, orc_0_dummy, minmay_misc_feat_columns
D:10:     layout_gridville, dpeg_oklobed_lair, nicolae_inconvenience_store
Lair:1:   layout_roguey, ebering_ghost_reflecting_pool,
          infiniplex_staircase_pool_2
Lair:2:   minmay_lair_oklob_chamber, layout_regular_city,
          palyth_hydra_swamp_entry, lemuel_fruit_tree, serial_bayou_shore_a
